 Dungeon Crawl Stone Soup version 0.18.1-48-g4cf74bf (webtiles) character file.

3339 Kisielow the Martial Artist (level 10, 0/76 HPs)
             Began as a Merfolk Transmuter on Aug 11, 2016.
             Was an Elder of Okawaru.
             Slain by a killer bee (7 damage)
             ... on level 6 of the Dungeon.
             The game lasted 00:23:17 (7865 turns).

Kisielow the Martial Artist (Merfolk Transmuter)    Turns: 7865, Time: 00:23:17

Health: 0/76       AC:  1    Str: 10    XL:     10   Next: 2%
Magic:  16/16      EV: 16    Int: 17    God:    Okawaru [****..]
Gold:   255        SH:  0    Dex: 14    Spells: 4 memorised, 4 levels left

rFire  . . .     SeeInvis +       - Unarmed
rCold  . . .     Gourm    .     b - +0 robe
rNeg   . . .     Faith    .     (no shield)
rPois  .         Spirit   .     (no helmet)
rElec  .         Dismiss  .     (no cloak)
rCorr  .         Reflect  .     (no gloves)
SustAt .         Harm     .     (no boots)
MR     +....                    t - amulet of magic regeneration
Stlth  +.........               y - ring of protection from magic
                                x - ring of see invisible

@: lethally poisoned (0 -> -7), somewhat resistant to hostile enchantments, very
unstealthy
A: change form in water, swift swim, deformed body
a: Heroism, Renounce Religion


You were on level 6 of the Dungeon.
You worshipped Okawaru.
Okawaru was greatly pleased with you.
You were not hungry.

You visited 2 branches of the dungeon, and saw 8 of its levels.

You collected 255 gold pieces.

Inventory:

Hand Weapons
 h - the cursed +1 glaive of Megalomania {vamp, *Noise MR+ Str+3 Int+5 Stlth-, unknown}
   (You found it on level 4 of the Dungeon)

   It inflicts no extra harm, but heals its wielder somewhat when it strikes a
   living foe.
   It affects your strength (+3).
   It affects your intelligence (+5).
   It affects your resistance to hostile enchantments.
   It may make noises in combat.
   It makes you less stealthy.
   It has a curse placed upon it.
 z - the +1 trident of Umy Ihic {elec, MR+++ Str+3 Int-5 Stlth+, unknown}
   (You took it off an orc priest on level 6 of the Dungeon)

   Occasionally, upon striking a foe, it will discharge some electrical energy
   and cause terrible harm.
   It affects your strength (+3).
   It affects your intelligence (-5).
   It affects your resistance to hostile enchantments.
   It makes you more stealthy.
Missiles
 a - 93 arrows
Armour
 b - a +0 robe (worn)
Jewellery
 p - an uncursed ring of teleportation
 t - an amulet of magic regeneration (around neck)
 u - the ring "Jieleigg" {Ice rElec MR+ Int-3 SInv}
   (You found it on level 5 of the Dungeon)

   [ring of ice]

   It enhances your ice magic, and weakens your fire magic.
   It affects your intelligence (-3).
   It makes you vulnerable to fire.
   It protects you from cold.
   It insulates you from electricity.
   It affects your resistance to hostile enchantments.
   It lets you see invisible.
 v - an uncursed ring of protection from cold
 x - a ring of see invisible (left hand)
 y - a ring of protection from magic (right hand)
Wands
 n - a wand of lightning (9/15)
 A - a wand of teleportation (5/9)
Scrolls
 e - a scroll of magic mapping
 g - a scroll of teleportation
 l - 2 scrolls of enchant armour
Potions
 f - a potion of invisibility
 i - a potion of brilliance {unknown}
 j - 2 potions of curing
 k - a potion of magic
 m - a potion of cure mutation
 o - a potion of heal wounds
 r - a potion of haste {unknown}
 s - a potion of lignification {unknown}
 w - a potion of flight {unknown}
Books
 c - a book of Changes

   Spells                             Type                      Level
   a - Beastly Appendage              Transmutation                1
   b - Sticks to Snakes               Transmutation                2
   c - Spider Form                    Transmutation/Poison         3
   d - Ice Form                       Ice/Transmutation            4
   e - Blade Hands                    Transmutation                5
Comestibles
 d - 4 bread rations


   Skills:
 - Level 6.1 Fighting
 - Level 7.8 Dodging
 - Level 10.0 Unarmed Combat
 - Level 4.1 Spellcasting
 + Level 8.4 Transmutations


You had 4 spell levels left.
You knew the following spells:

 Your Spells              Type           Power        Failure   Level  Hunger
a - Beastly Appendage     Trmt           ####..       1%          1    None
e - Ice Form              Ice/Trmt       ###.....     30%         4    ####...
q - Spider Form           Trmt/Pois      ###.......   10%         3    ###....
w - Blade Hands           Trmt           ####......   17%         5    ######.


Dungeon Overview and Level Annotations

Branches:
Dungeon (7/15)             Temple (1/1) D:4

Altars:
Ashenzari
Cheibriados
Dithmenos
Elyvilon
Fedhas
Gozag
Kikubaaqudgha
Makhleb
Nemelex Xobeh
Okawaru
Pakellas
Qazlal
Sif Muna
Trog
Vehumet
Xom
Yredelemnul
Zin

Shops:
D:5 ?   D:6 *}(


Innate Abilities, Weirdness & Mutations

You revert to your normal form in water.
You are very nimble and swift while swimming.
Armour fits poorly on your strangely shaped body.


Message History

The ogre barely misses you. The killer bee stings you!
* * * LOW HITPOINT WARNING * * *
You are lethally poisoned!
The killer bee poisons you!
You climb upwards.
* * * LOW HITPOINT WARNING * * *
You feel sick.
There is a stone staircase leading down here.
Drink which item? (? for menu, Esc to quit)
You feel much better.
You feel sick. The killer bee closely misses you. x2
The ogre hits you with a giant club!
* * * LOW HITPOINT WARNING * * *
You feel sick. The killer bee stings you!
* * * LOW HITPOINT WARNING * * *
The killer bee misses you.
You feel sick. The killer bee stings you.
* * * LOW HITPOINT WARNING * * *
* * * LOW HITPOINT WARNING * * *
You feel sick. The killer bee stings you!
You die...

..#...#.......## #.#.###.#
.###.###.......#########.#.....#
..#...#..............>........##
#...#...#....#.###..####.###.##
......#.....#..###..####)###.#
...#...#...###...>..#<)......#
##...#...##.#..##.O.#.##.#####
###########.#.##y....##.#
###..@........# #############


You could see an ogre and a killer bee.

Vanquished Creatures
  The ghost of aves the Cleaver, a novice VSFi (D:7)
  3 ice beasts
  2 sky beasts
  A phantom (D:5)
  2 ogres (D:5)
  2 centaurs
  3 giant frogs
  2 scorpions
  8 killer bees
  A wight (D:6)
  2 howler monkeys
  3 crimson imps
  A giant frog zombie (D:7)
  A quasit (D:7)
  9 orc priests
  3 orc wizards
  3 giant frog skeletons
  3 hounds
  A centaur skeleton (D:4)
  2 iguanas
  8 worker ants
  A worker ant zombie (D:5)
  13 gnolls
  6 adders
  2 shadow imps
  2 oozes
  An adder skeleton (D:4)
  An adder zombie (D:7)
  A worm (D:5)
  5 dart slugs
  3 giant geckos
  16 orcs
  10 giant cockroaches
  8 goblins
  9 hobgoblins
  10 jackals
  A kobold (D:3)
  4 quokkas
  7 bats
  A giant gecko skeleton (D:6)
  A giant newt (D:5)
  2 jackal skeletons
  A quokka zombie (D:7)
  8 rats
174 creatures vanquished.

Vanquished Creatures (others)
  5 toadstools (D:1)
5 creatures vanquished.

Grand Total: 179 creatures vanquished

Notes
Turn   | Place    | Note
--------------------------------------------------------------
     0 | D:1      | Kisielow the Merfolk Transmuter began the quest for the Orb.
     0 | D:1      | Reached XP level 1. HP: 15/15 MP: 3/3
   252 | D:1      | Reached XP level 2. HP: 18/21 MP: 5/5
   266 | D:1      | Reached skill level 4 in Unarmed Combat
   583 | D:1      | Reached XP level 3. HP: 25/26 MP: 6/6
   588 | D:1      | Learned a level 3 spell: Spider Form
  1097 | D:2      | Reached XP level 4. HP: 30/32 MP: 3/7
  1664 | D:2      | Reached skill level 5 in Transmutations
  1772 | D:2      | Found an iron altar of Okawaru.
  1782 | D:2      | Reached XP level 5. HP: 23/37 MP: 5/8
  1815 | D:2      | Became a worshipper of Warmaster Okawaru
  2287 | D:3      | Found a shattered altar of Ashenzari.
  2460 | D:3      | Reached skill level 5 in Unarmed Combat
  2460 | D:3      | Reached XP level 6. HP: 29/43 MP: 6/9
  3201 | D:4      | Found a staircase to the Ecumenical Temple.
  3204 | Temple   | Entered the Ecumenical Temple
  3374 | D:4      | You fall through a shaft for 2 floors!
  3378 | D:6      | Found Moxtur's General Store.
  3397 | D:5      | Entered Level 5 of the Dungeon
  3420 | D:5      | Found an ancient bone altar of Kikubaaqudgha.
  3512 | D:4      | Reached skill level 6 in Unarmed Combat
  3530 | D:4      | Reached XP level 7. HP: 50/50 MP: 7/10
  3531 | D:4      | Reached * piety under Okawaru
  4167 | D:4      | Got a crystal glaive
  4425 | D:5      | Found Akenk's Magic Scroll Emporium.
  4701 | D:5      | Reached skill level 5 in Dodging
  4773 | D:5      | Reached skill level 7 in Unarmed Combat
  4773 | D:5      | Reached XP level 8. HP: 51/59 MP: 11/11
  4861 | D:5      | Learned a level 5 spell: Blade Hands
  4882 | D:5      | Reached ** piety under Okawaru
  5200 | D:5      | Reached skill level 8 in Unarmed Combat
  5204 | D:5      | Gained mutation: Your mind is acute. (Int +2) [mutagenic meat]
  5205 | D:5      | Gained mutation: Your magical capacity is low (-10% MP). [mutagenic meat]
  5206 | D:5      | Lost mutation: Your mind is acute. (Int +2) [mutagenic meat]
  5207 | D:5      | Lost mutation: Your magical capacity is low (-10% MP). [mutagenic meat]
  5208 | D:5      | Gained mutation: Armour fits poorly on your strangely shaped body. [mutagenic meat]
  5350 | D:5      | Found a shadowy altar of Dithmenos.
  5835 | D:5      | Got a shimmering amber ring
  5872 | D:5      | Identified the ring "Jieleigg" {Ice rElec MR+ Int-3 SInv} (You found it on level 5 of the Dungeon)
  5918 | D:6      | Reached skill level 5 in Fighting
  5940 | D:6      | Found Coucval's Gadget Boutique.
  6040 | D:6      | Reached skill level 9 in Unarmed Combat
  6040 | D:6      | Reached XP level 9. HP: 51/68 MP: 12/12
  6158 | D:6      | Reached *** piety under Okawaru
  6226 | D:6      | Found Gato's Antique Weapon Emporium.
  6478 | D:6      | Got a smoking trident {elec}
  7001 | D:6      | Reached skill level 10 in Unarmed Combat
  7317 | D:6      | Found an oddly glowing altar of Pakellas.
  7495 | D:7      | Noticed aves's ghost (novice VSFi)
  7670 | D:7      | Found an opulent altar of Gozag.
  7724 | D:7      | Killed aves's ghost
  7724 | D:7      | Reached **** piety under Okawaru
  7797 | D:7      | Learned a level 4 spell: Ice Form
  7830 | D:7      | Found a shimmering altar of Xom.
  7831 | D:7      | Found a burning altar of Makhleb.
  7842 | D:7      | Reached XP level 10. HP: 54/76 MP: 16/16
  7865 | D:6      | Slain by a killer bee

Skill      XL: |  1  2  3  4  5  6  7  8  9 |
---------------+----------------------------+-----
Unarmed Combat | 4 5 6 7 9 10 | 10.0
Transmutations | 4 5 6 8 |  8.4
Dodging        | 3 4 5 7 |  7.8
Fighting       | 2 3 5 6 |  6.1
Spellcasting   | 4 |  4.1

Action                   |  1- 3 |  4- 6 |  7- 9 | 10-12 || total
-------------------------+-------+-------+-------+-------++-------
Melee: Unarmed           |    77 |   194 |   352 |     3 ||   626
       Punch             |     1 |     2 |     4 |       ||     7
 Cast: Spider Form       |     2 |    11 |    27 |       ||    40
Invok: Heroism           |       |       |     1 |       ||     1
  Use: Scroll            |       |     6 |     6 |       ||    12
       Potion            |       |       |     2 |     1 ||     3
 Stab: Distracted        |       |     1 |     1 |       ||     2
       Sleeping          |       |     1 |     2 |       ||     3
  Eat: Chunk             |     1 |     9 |    18 |       ||    28
       Meat ration       |       |       |     1 |       ||     1
Armor: Robe              |     6 |    24 |    13 |       ||    43
       Skin              |       |     2 |     4 |       ||     6
Dodge: Dodged            |    43 |   179 |   271 |     8 ||   501
